Unix NetHack Version 3.7.0-95 Work-in-progress - last build Jan 1 2024 17:53:48 (a82f3d6dbc9a920b5df3c01f161e0a8d2c3f51a1,branch:master). Game began 2024-01-01 18:18:13, ended 2024-01-01 18:34:13. Arasaka, chaotic female orcish Rogue ---- |..--- -..... .. --._.... . ---.....a@0... -......)..a..... -....(.%.....). |...---%.%..|.. ...*..|. --...- |..-- .<| ..- Arasaka the Rogue St:17 Dx:15 Co:17 In:8 Wi:10 Ch:9 Chaotic Dlvl:5 $:43 HP:0(54) Pw:19(19) AC:5 Xp:6/457 T:4279 Latest messages: You see here a heavy iron ball (chained to you). What do you want to use or apply? [ejqzFL or ?*] In what direction? There doesn't seem to be any sort of lock here. You see here a heavy iron ball (chained to you). The giant ant bites! The black blade draws the life from the giant ant! The giant ant bites! The giant ant bites! The giant ant bites! You miss the giant ant. The giant ant misses! The giant ant bites! The giant ant bites! The giant ant bites! The giant ant bites! The black blade draws the life from the giant ant! You kill the giant ant! The giant ant bites! The giant ant bites! You miss the giant ant. The giant ant bites! The giant ant bites! You miss the giant ant. The giant ant bites! The giant ant bites! The giant ant bites! The giant ant misses! The black blade draws the life from the giant ant! The giant ant bites! The giant ant bites! The giant ant bites! The giant ant bites! The black blade draws the life from the giant ant! You kill the giant ant! The giant ant bites! The giant ant bites! The black blade draws the life from the giant ant! The giant ant bites! The giant ant just misses! The giant ant bites! The black blade draws the life from the giant ant! The giant ant bites! The giant ant bites! You miss the giant ant. The giant ant bites! The giant ant bites! The giant ant bites! The giant ant bites! You die... Inventory: Coins ('$') $ - 43 gold pieces Weapons (')') b - 10 uncursed +0 orcish daggers (at the ready) A - an uncursed +3 orcish short sword a - the uncursed rustproof +0 Stormbringer (weapon in right hand) Armor ('[') K - an uncursed +0 orcish helm I - an uncursed +0 pair of iron shoes p - an uncursed +0 elven mithril-coat (being worn) Comestibles ('%') g - 3 uncursed food rations Scrolls ('?') O - a blessed scroll of teleportation x - an uncursed scroll of teleportation Spellbooks ('+') j - a cursed spellbook of confuse monster Potions ('!') G - 2 uncursed potions of confusion E - an uncursed potion of full healing o - a blessed potion of healing k - 2 uncursed potions of healing n - a cursed potion of levitation d - an uncursed potion of sickness m - an uncursed potion of water Wands ('/') F - an uncursed wand of nothing (0:3) L - an uncursed wand of speed monster (0:2) Tools ('(') z - an empty uncursed sack e - an uncursed lock pick q - an uncursed +0 pick-axe Arasaka the Rogue's attributes: Background: You were a Rogue, level 6 female orc. You were chaotic, on a mission for Kos who was opposed by Issek (lawful) and Mog (neutral). You were right-handed. You were in the Gnomish Mines, on level 5. You entered the dungeon 4279 turns ago. You had 457 experience points, 183 more were needed to attain level 7. Basics: You had 0 out of 54 hit points. You had all 19 energy points (spell power). Your armor class was 5. Your wallet contained 43 zorkmids. Autopickup was on for '$"?' plus thrown, with exceptions. Final Characteristics: Your strength was 17 (limit:18/50). Your dexterity was 15 (limit:18). Your constitution was 17 (limit:18). Your intelligence was 8 (limit:16). Your wisdom was 10 (limit:16). Your charisma was 9 (limit:16). Final Status: You were chained to a heavy iron ball. You weren't hungry. You were unencumbered. You were wielding a broadsword. You had basic skill with broadsword. Final Attributes: You were piously aligned. You were poison resistant. You were level-drain resistant. You had infravision. You were stealthy. You were guarded. You are dead. Miscellaneous: You disabled loading of bones levels. Total elapsed playing time was 16 minutes. Major events: Turn 1: Arasaka the chaotic female orcish Rogue entered the dungeon 885: attained the rank of Cutpurse (level 3) 1237: entered the Gnomish Mines 3415: was bestowed with Stormbringer by Kos 3865: attained the rank of Rogue (level 6) 4279: killed by a giant ant Vanquished creatures: 2 rock moles a fog cloud a shrieker 4 gnome leaders a kobold mummy 2 giant ants a little dog a kitten 4 dwarves a homunculus a kobold leader 3 hill orcs a rothe a giant bat an acid blob 3 hobbits a large kobold 3 giant rats 2 yellow molds 14 gnomes 3 garter snakes 2 gnome zombies 6 geckos 13 jackals 3 foxes 2 kobolds 2 goblins 4 sewer rats 8 grid bugs 8 bats 8 lichens 4 newts 111 creatures vanquished. No species were genocided or became extinct. Voluntary challenges: You read items or engraved 7 times. You never engraved Elbereth. You never genocided any monsters. You never polymorphed an object. You never changed form. You used no wishes. Achievements: You attained the rank of Cutpurse. You entered the Gnomish Mines. You attained the rank of Rogue. The Dungeons of Doom: levels 1 to 3 Level 1: An altar to Kos. Level 2: "v" Level 3: Stairs down to The Gnomish Mines. The Gnomish Mines: levels 4 to 5 Level 4: Level 5: <- You were here. Final resting place for you, killed by a giant ant. Game over: ---------- / \ / REST \ / IN \ / PEACE \ / \ | Arasaka | | 43 Au | | killed by a | | giant ant | | | | | | 2024 | *| * * * | * _________)/\\_//(\/(/\)/\//\/|_)_______ Goodbye Arasaka the Rogue... You died in The Gnomish Mines on dungeon level 5 with 2087 points, and 43 pieces of gold, after 4279 moves. You were level 6 with a maximum of 54 hit points when you died.